Map: Eternal Empire LE

Players

lucas - Winner!

  • Race: Zerg Zerg
  • League: Gold
  • Spawn Location: 1:00

Ratl

  • Race: Protoss Protoss
  • Spawn Location: 7:00

VOD

Have the link to the VOD?

Description

Time

  • Played on: Dec. 22, 2019, 11:14 p.m.
  • Length: 11:10
Show
View Real Time Build Order
Export as new Build Order

lucas Zerg - Winner!

Build Orders: Pool First 

Get SALT Encoding   

  12  0:02  Drone  
  13  0:08  Drone  
  14  0:16  Extractor  
  14  0:17  Drone  
  14  0:23  Overlord  
  14  0:42  Spawning Pool  
  13  0:44  Drone  
  13  0:48  Drone  
  15  0:57  Drone x2  
  17  1:07  Drone  
  18  1:42  Queen  
  18  1:43  Hatchery  
  18  1:46  Drone  
  20  2:02  Drone  
  20  2:04  Drone  
  20  2:08  Extractor  
  21  2:12  Roach Warren  
  20  2:25  Lair  
  20  2:27  Drone  
  21  2:39  Overlord x2  
  21  2:41  Drone  
  22  2:55  Roach, Overlord  
  24  3:01  Drone x2  
  26  3:08  Queen  
  28  3:18  Drone  
  28  3:19  Drone x2  
  31  3:22  Drone  
  31  3:26  Overseer  
  32  3:32  Drone x2  
  34  3:52  Roach x4  
  42  4:12  Roach x4  
  50  4:31  Roach  
  52  4:32  Overlord  
  52  4:33  Overlord x2  
  52  4:37  Extractor  
  51  4:40  Extractor  
  50  4:48  Hydralisk Den  
  50  4:51  Infestation Pit  
  48  5:02  Pneumatized Carapace  
  48  5:09  Drone x2  
  48  5:14  Drone x3  
  53  5:15  Drone  
  53  5:16  Drone x2  
  53  5:17  Drone x3  
  53  5:18  Drone x2  
  61  5:28  Overseer  
  61  5:47  Hydralisk  
  61  5:48  Hydralisk x5  
  73  5:51  Hydralisk  
  75  6:27  Spire, Overlord x3  
  74  6:46  Hatchery  
  73  6:50  Drone x7  
  80  6:54  Hive  
  80  7:07  Roach x3  
  86  7:13  Lurker Den  
  86  7:15  Overseer x2  
  85  7:24  Grooved Spines  
  85  7:39  Corruptor x3  
  85  7:42  Overlord x3  
  91  8:00  Corruptor x3  
  91  8:04  Drone  
  98  8:20  Overseer, Queen  
  98  8:26  Overlord  
  100  8:27  Viper  
  100  8:28  Viper  
  106  8:50  Roach  
  106  8:51  Roach x11  
  130  9:17  Glial Reconstitution  
  130  9:58  Overlord x4  
  130  10:09  Seismic Spines  
Show
View Real Time Build Order
Export as new Build Order

Ratl Protoss 

Build Orders:  

Get SALT Encoding   

  12  0:02  Probe  
  13  0:14  Probe  
  14  0:26  Pylon  
  14  0:37  Probe (Chrono Boost)  
  15  0:43  Assimilator  
  15  0:48  Probe (Chrono Boost)  
  16  0:53  Probe (Chrono Boost)  
  17  1:04  Probe (Chrono Boost)  
  18  1:05  Gateway  
  18  1:08  Forge  
  18  1:16  Probe (Chrono Boost)  
  19  1:19  Assimilator  
  19  1:23  Probe (Chrono Boost)  
  19  1:30  Probe  
  20  1:42  Probe  
  21  1:51  Gateway  
  21  1:52  Photon Cannon  
  21  2:01  Cybernetics Core  
  21  2:07  Cybernetics Core  
  21  2:12  Pylon  
  21  2:16  Probe (Chrono Boost), Pylon  
  22  2:25  Probe (Chrono Boost)  
  23  2:30  Probe (Chrono Boost)  
  24  2:45  Gateway  
  24  2:47  Pylon  
  24  2:52  Pylon  
  24  2:55  Probe  
  25  3:06  Stalker  
  25  3:08  Probe  
  25  3:12  Stalker  
  30  3:20  Probe (Chrono Boost)  
  30  3:26  Warp Gate  
  31  3:31  Probe (Chrono Boost)  
  32  3:36  Probe (Chrono Boost)  
  33  3:47  Nexus  
  33  4:00  Stalker x2  
  37  4:05  Probe  
  38  4:18  Probe, Robotics Facility  
  39  4:30  Probe  
  40  5:03  Forge  
  40  5:05  Gateway  
  40  5:08  Observer  
  41  5:15  Protoss Ground Armor Level 1 (Chrono Boost)  
  41  5:21  Gateway  
  41  5:24  Gateway  
  41  5:29  Observer  
  41  5:35  Assimilator  
  42  5:42  Assimilator  
  42  5:43  Pylon x2  
  42  5:45  Probe  
  43  5:51  Probe  
  44  5:57  Probe  
  44  5:59  Immortal  
  44  6:03  Probe  
  50  6:05  Robotics Bay  
  50  6:09  Probe  
  51  6:15  Probe  
  52  6:21  Probe  
  53  6:27  Probe  
  53  6:29  Stalker x2  
  53  6:30  Stalker x2  
  62  6:33  Probe  
  63  7:22  Colossus  
  63  7:26  Protoss Ground Weapons Level 1 (Chrono Boost)  
  63  7:27  Stalker x4  
  63  7:28  Stalker x2  
  80  7:37  Extended Thermal Lance  
  80  7:50  Pylon  
  80  7:55  Pylon  
  80  8:18  Colossus  
  86  8:35  Pylon  
  86  8:39  Pylon  
  86  8:44  Assimilator  
  86  8:49  Assimilator  
  86  8:51  Nexus  
  86  9:12  Immortal  
  86  9:13  Forge  
  90  9:21  Gateway  
  90  9:23  Gateway  
  90  9:25  Gateway  
  90  9:26  Gateway  
  90  9:27  Pylon  
  90  9:30  Gateway  
  90  9:38  Stalker x4  
  94  9:39  Stalker x2  
  94  9:41  Pylon  
  102  9:52  Observer  
  103  10:12  Warp Prism, Twilight Council  
  105  10:20  Stalker x5  
  74  10:46  Stalker x5  
  74  10:47  Stalker  
  72  10:51  Adept  
  58  10:58  Stalker  
  58  10:59  Stalker  
Tags
 
League
Gold
Matchup
PvZ
Opening
Pool First
Spawn Locations
Cross Positions
Add a new tag
Caveats
  • Supply blocks, unpowered buildings, or Contaminate may cause inaccurate times.
  • Supply counts are checked every 10 seconds.